 Dungeon Crawl Stone Soup version 0.32-a0-683-ge26c5dbc97 (webtiles) character file.

Game seed: 6512453042182748387

848 Mousus6 the Digger (level 7, -3/52 HPs)
             Began as a Demonspawn Earth Elementalist on Mar 12, 2024.
             Was an Initiate of Ashenzari.
             Slain by Pikel the naga (shapeshifter)
             ... wielding a +1 whip of electrocution
              (10 damage)
             ... on level 5 of the Dungeon.
             The game lasted 00:12:58 (4163 turns).

Mousus6 the Digger (Demonspawn Earth Elementalist)  Turns: 4163, Time: 00:12:59

Health: -3/52      AC: 15    Str:  9    XL:     7   Next: 69%
Magic:  4/12       EV: 12    Int: 17    God:    Ashenzari [......]
Gold:   164        SH:  4    Dex: 13    Spells: 9/13 levels left

rFire   . . .        o - +1 dagger (elec)
rCold   . . .        (no shield)
rNeg    + . .        q - +1 robe {rN+}
rPois   .            (helmet restricted)
rElec   .            (no cloak)
rCorr   .            l - +0 pair of gloves
SInv    .            v - +0 pair of boots
Will    .....        (no amulet)
Stlth   ++           (no ring)
HPRegen 0.28/turn    (no ring)
MPRegen 0.13/turn

%: no passive effects
@: lethally poisoned (-3 -> -10)
A: antennae 1, thin metallic scales 2, powered by death 1, condensation shield
a: Renounce Religion, Curse Item


You were on level 5 of the Dungeon.
You worshipped Ashenzari.
Ashenzari was noncommittal.
You visited 1 branch of the dungeon, and saw 5 of its levels.

You collected 164 gold pieces.

Inventory:

Hand Weapons
 a - a +1 dagger of flaming
 b - a +2 vampiric dagger
 e - a +0 mace
 o - a +1 dagger of electrocution (weapon)
 s - a +0 shortbow
Armour
 f - a +0 robe
 l - a +0 pair of gloves (worn)
 q - a +1 robe of positive energy (worn)
 v - a +0 pair of boots (worn)
Magical Staves
 u - a staff of fire
Wands
 p - a wand of flame (25)
 t - a wand of polymorph (10)
Scrolls
 d - 3 scrolls of enchant armour {unknown}
 g - 2 scrolls of brand weapon {unknown}
 i - 5 scrolls of identify {unknown}
 j - a scroll of summoning {unknown}
 m - 3 scrolls of teleportation {unknown}
 r - a scroll of enchant weapon {unknown}
 w - a scroll of poison {unknown}
 y - a scroll of fear {unknown}
Potions
 c - a potion of heal wounds {unknown}
 h - 3 potions of curing {unknown}
 k - a potion of haste {unknown}
 n - a potion of magic
 x - a potion of might {unknown}
 z - a potion of mutation {unknown}


   Skills:
 + Level 3.1 Fighting
 + Level 2.4 Short Blades
 - Level 1.7 Dodging
 + Level 3.2 Stealth
 + Level 3.5 Spellcasting
 + Level 3.6 Conjurations
 * Level 5.1 Earth Magic


You had 9 spell levels left.
You knew the following spells:

 Your Spells              Type           Power      Damage    Failure   Level
a - Sandblast             Erth           40%        2d10      1%          1
b - Passwall              Erth           20%        N/A       6%          3

Your spell library contained the following spells:

 Spells                   Type           Power      Damage    Failure   Level
 Stone Arrow              Conj/Erth      34%        3d9       9%          3
 Brom's Barrelling Bould  Conj/Erth      17%        2d4       26%         4
 Petrify                  Alch/Erth      11%        N/A       50%         4


Dungeon Overview and Level Annotations

Branches:
Dungeon (5/15)
 Temple: D:4-7

Altars:
Ashenzari
Fedhas
Okawaru
Uskayaw
Xom

Shops:
D:5 :

Annotations:
D:5 Pikel


Innate Abilities, Weirdness & Mutations

You have a pair of small antennae on your head.
You are mostly covered in thin metallic scales. (AC +3)
You regenerate a little health from kills.
A meltable shield of frost defends you. (SH +4)


Message History

Aim: Pikel the ice beast shaped shifter (severely wounded, 83% to hit)
The blast of sand hits Pikel.
Pikel is almost dead.
Pikel the ice beast changes into a naga!
The lemure barely misses you. The lemure hits you.
Casting: Sandblast (safe; 1% risk of failure)
Confirm with . or Enter, or press ? or * to list all spells.
Aiming: Sandblast (safe; 1% risk of failure)
Press: ? - help, Shift-Dir - straight line, f/p - Pikel
Aim: Pikel the naga shaped shifter (83% to hit)
The blast of sand hits Pikel!
Pikel is moderately wounded.
The lemure barely misses you. You block the lemure's attack.
Pikel picks up a +1 whip of electrocution.
Pikel wields a +1 whip of electrocution.
You hear the crackle of electricity.
The lemure hits you.
* * * LOW HITPOINT WARNING * * *
The lemure barely misses you.
Casting: Sandblast (safe; 1% risk of failure)
Confirm with . or Enter, or press ? or * to list all spells.
Aiming: Passwall (dangerous; 6% risk of failure)
Press: ? - help, Dir - move target, p - Pikel A rock wall.
Pikel picks up a +0 robe.
Pikel wears a +0 robe.
The lemure misses you. The lemure barely misses you.
You begin to meditate on the wall.
You continue meditating on the rock.
Pikel spits poison at you. The splash of poison hits you.
You are poisoned.
* * * LOW HITPOINT WARNING * * *
The lemure hits you.
* * * LOW HITPOINT WARNING * * *
The lemure barely misses you.
You continue meditating on the rock.
* * * LOW HITPOINT WARNING * * *
You feel very sick.
Pikel hits you with a +1 whip of electrocution!
You die...
Pikel says, "Another soul for the market."

#.......# #.......# #.....5.#
###.....#####..5.55K#
#.............#5K
#######.#.....#####.#.###
#.......... #####.#...
#........######.....#.#####
#####.......55@555.............
#............N###.#.....#.#####
#...<..†..................# #.
#.............###.#####...# #.
#.....#######.###.)####...# #.
#.....# ###.............# #.
#.....# #..........###..# #.
#.....# #..........###..####.
####### #...........##.......


You could see Pikel the naga shaped shifter (catching breath), 4 lemures and a
white imp.

Vanquished Creatures
  An ice beast (D:5)
  A centaur (D:5)
  2 scorpions
  3 bombardier beetles
  4 hounds
  Jessica (D:2)
  Natasha (thrice) (D:3)
  2 orc wizards
  Robin (D:4)
  7 adders
  2 ribbon worms (D:2)
  4 dart slugs
  12 orcs
  8 endoplasms
  3 giant cockroaches
  20 goblins
  11 hobgoblins
  4 quokkas
  7 ball pythons
  3 bats
  3 frilled lizards
  7 kobolds
  5 rats
114 creatures vanquished.

Notes
Turn   | Place    | Note
-------+----------+-------------------------------------------
     0 | D:1      | Mousus6 the Demonspawn Earth Elementalist began the quest
                  | for the Orb.
     0 | D:1      | Reached XP level 1. HP: 13/13 MP: 3/3
   357 | D:1      | Gained mutation: You have a pair of small antennae on your
                  | head. [demonic ancestry]
   357 | D:1      | Reached XP level 2. HP: 19/19 MP: 3/5
   488 | D:1      | Reached skill level 3 in Earth Magic
   897 | D:2      | Reached XP level 3. HP: 24/25 MP: 1/6
   970 | D:2      | Reached skill level 1 in Fighting
  1395 | D:2      | Noticed Jessica
  1402 | D:2      | Killed Jessica
  1403 | D:2      | Gained mutation: You are partially covered in thin metallic
                  | scales. (AC +2) [demonic ancestry]
  1403 | D:2      | Reached XP level 4. HP: 32/32 MP: 0/7
  1605 | D:3      | Learned a level 3 spell: Passwall
  1623 | D:3      | Noticed Natasha
  1629 | D:3      | Killed Natasha
  1865 | D:3      | Noticed Natasha
  1869 | D:3      | Killed Natasha
  1870 | D:3      | Gained mutation: A meltable shield of frost defends you.
                  | (SH +4) [demonic ancestry]
  1870 | D:3      | Reached XP level 5. HP: 37/37 MP: 5/9
  2159 | D:3      | Noticed Natasha
  2166 | D:3      | Killed Natasha
  2167 | D:3      | Reached skill level 1 in Short Blades
  2167 | D:3      | Reached skill level 4 in Earth Magic
  2442 | D:3      | Found a faded altar of an unknown god.
  2447 | D:3      | Prayed at the altar of an unknown god.
  2447 | D:3      | Became a worshipper of Ashenzari the Shackled
  2557 | D:4      | Gained mutation: You regenerate a little health from kills.
                  | [demonic ancestry]
  2557 | D:4      | Reached XP level 6. HP: 44/44 MP: 7/10
  2664 | D:4      | Noticed Robin
  2668 | D:4      | Killed Robin
  3274 | D:4      | Gained mutation: You are mostly covered in thin metallic
                  | scales. (AC +3) [demonic ancestry]
  3274 | D:4      | Reached XP level 7. HP: 51/51 MP: 7/11
  3277 | D:4      | Identified the +2 chain mail "Feah" {Rampage rElec Will-
                  | SInv}
  3621 | D:5      | Entered Level 5 of the Dungeon
  3634 | D:5      | Found Typeid's Self-Published Books.
  3696 | D:5      | Found an iron altar of Okawaru.
  3703 | D:5      | Found a blossoming altar of Fedhas.
  3706 | D:5      | Found a hide-covered altar of Uskayaw.
  3711 | D:5      | Found a broken altar of Ashenzari.
  3716 | D:5      | Found a shimmering altar of Xom.
  4047 | D:5      | Reached skill level 5 in Earth Magic
  4125 | D:5      | Noticed Pikel
  4148 | D:5      | Pikel changed into Pikel the shapeshifter
  4148 | D:5      | Noticed Pikel
  4149 | D:5      | Pikel the shapeshifter changed into Pikel the ice beast
  4149 | D:5      | Noticed Pikel (shapeshifter)
  4159 | D:5      | Pikel the ice beast changed into Pikel the naga
  4159 | D:5      | Noticed Pikel (shapeshifter)
  4163 | D:5      | Slain by Pikel the naga (shapeshifter)

Illustrated notes

Levels and vault maps discovered:
D:1:      dpeg_arrival_chambers_temple_mockup, layout_rooms, minmay_tripent
D:2:      wander_river, layout_rooms, uniq_jessica
D:3:      layout_rooms, shapermc_ecumenical_altar_venn, minmay_circle_x,
          uniq_natasha
D:4:      minmay_chambers_of_threes, layout_rooms, kennysheep_cluttered_room,
          uniq_robin
D:5:      layout_basic, vehumet_statue, grunt_temple_overflow_open,
          nicolae_overflow_hallway_of_the_gods, nicolae_custom_books, uniq_pikel

Skill      XL: |  1  2  3  4  5  6  7 |
---------------+----------------------+-----
Earth Magic    | 3 4 5 |  5.1
Conjurations   | 2 3 |  3.6
Fighting       | 1 2 3 |  3.1
Stealth        | 2 3 |  3.2
Short Blades   | 1 2 |  2.4
Spellcasting   | 3 |  3.5
Dodging        | |  1.7

Action                     |  1- 3 |  4- 6 |  7- 9 || total
---------------------------+-------+-------+-------++-------
  Melee: Mace              |    15 |       |       ||    15
         Dagger            |       |    49 |    54 ||   103
   Cast: Sandblast         |    55 |    89 |    32 ||   176
         Passwall          |       |     7 |     7 ||    14
  Evoke: Wand              |       |       |     5 ||     5
   Stab: Sleeping          |       |     7 |     1 ||     8
 Armour: Robe              |    26 |    49 |    75 ||   150
  Dodge: Dodged            |    34 |    44 |    62 ||   140
  Block: Other             |       |    11 |    18 ||    29

Table legend: (Time is in decaauts)
 A = Elapsed time spent in this place.
 B = Non-inter-level travel time spent in this place.
 C = Inter-level travel time spent in this place.
 D = Time resting spent in this place.
 E = Time spent auto-exploring this place.
 F = Levels seen in this place.
 G = Mean time per level.
                   A        B        C        D        E       F      G
               +--------+--------+--------+--------+--------+-----+--------+
         Total |   4264 |   4183 |     81 |   1099 |   1798 |   5 |  852.8 |
       Dungeon |   4264 |   4183 |     81 |   1099 |   1798 |   5 |  852.8 |
               +--------+--------+--------+--------+--------+-----+--------+

Top non-repeatable levels by time:
     D:4: 1108 daAuts
     D:3: 951 daAuts
     D:1: 904 daAuts
     D:2: 747 daAuts
     D:5: 553 daAuts
